 Dungeon Crawl Stone Soup version 0.20-a0-16-g0876c8e (webtiles) character file.

36 Gorice the Slasher (level 3, -1/29 HPs)
             Began as a Demonspawn Monk on Nov 4, 2016.
             Slain by an adder (3 damage)
             ... on level 1 of the Dungeon.
             The game lasted 00:05:34 (1516 turns).

Gorice the Slasher (Demonspawn Monk)                Turns: 1516, Time: 00:05:35

Health: -1/29      AC:  2    Str: 17    XL:     3   Next: 19%
Magic:  3/3        EV: 12    Int: 11    God:
Gold:   41         SH:  3    Dex: 15    Spells: 0 memorised, 2 levels left

rFire  . . .     SeeInvis .     a - +0 falchion
rCold  . . .     Gourm    .     b - +0 robe
rNeg   . . .     Faith    .     p - +0 buckler
rPois  .         Spirit   .     (no helmet)
rElec  .         Reflect  .     (no cloak)
rCorr  .         Harm     .     (no gloves)
MR     .....                    (no boots)
Stlth  ++........               (no amulet)
                                (no ring)
                                (no ring)

@: mighty, lethally poisoned (-1 -> -7)
A: hooves 1
a: no special abilities


You were on level 1 of the Dungeon.
You were not hungry.

You visited 1 branch of the dungeon, and saw 2 of its levels.

You collected 41 gold pieces.

Inventory:

Hand Weapons
 a - a +0 falchion (weapon)
Missiles
 k - 5 poisoned needles
 Z - 113 stones (quivered)
Armour
 b - a +0 robe (worn)
 p - a +0 buckler (worn)
Scrolls
 d - a scroll of fog {unknown}
 j - a scroll of remove curse {unknown}
 l - a scroll of enchant weapon {unknown}
 m - a scroll of amnesia {unknown}
 n - a scroll of blinking {unknown}
 o - a scroll of magic mapping {!r}
Comestibles
 c - a bread ration {!e}
 f - 6 chunks of flesh
 i - a beef jerky


   Skills:
 - Level 3.0 Fighting
 * Level 3.9 Long Blades
 - Level 2.6 Dodging
 - Level 1.7 Stealth


You had 2 spell levels left.
You didn't know any spells.

Dungeon Overview and Level Annotations

Branches:
Dungeon (2/15)

Altars:


Innate Abilities, Weirdness & Mutations

You have large cloven feet.


Message History

The bat barely misses you. The bat hits you.
Damage: 1 (max 2)
You hit the bat.
You kill the bat!
The adder bites you.
Damage: 3 (max 3)
You miss the adder. The adder bites you but does no damage.
You aren't carrying any items that you can evoke.
Unknown command.
Okay, then.
Okay, then.
You miss the adder. The adder bites you.
You are poisoned.
The adder poisons you! The adder bites you.
You are more poisoned.
The adder poisons you!
Damage: 7 (max 7)
You hit the adder. You kick the adder, but do no damage.
The adder is moderately wounded.
You feel sick. The adder bites you.
* * * LOW HITPOINT WARNING * * *
Damage: 4 (max 7)
You barely miss the adder.
The adder is moderately wounded.
You feel sick. The adder closely misses you.
You riposte.
You barely miss the adder. You kick the adder, but do no damage.
The adder is moderately wounded.
The adder bites you.
* * * LOW HITPOINT WARNING * * *
Damage: 4 (max 7) It was a potion of might.
You feel very mighty all of a sudden.
* * * LOW HITPOINT WARNING * * *
You feel sick. The adder bites you.
* * * LOW HITPOINT WARNING * * *
Damage: 4 (max 7) Unknown command.
You closely miss the adder.
The adder is moderately wounded.
* * * LOW HITPOINT WARNING * * *
You feel sick. You block the adder's attack.
Damage: 1 (max 7)
You miss the adder. You kick the adder.
The adder is heavily wounded.
You block the adder's attack. The adder barely misses you.
You barely miss the adder.
The adder is heavily wounded.
* * * LOW HITPOINT WARNING * * *
You feel sick. The adder bites you.
You die...

...#....####....#
............>!..#
...#..#.###.....#
#####.#.###.#..###
#.#..##.#.S..#
#.##.......#.#
#####.##..####b#S#
...............#S#
###........#.⌠.#@##
#..........#......#
#.#.....#..#.####.#
#.#.....#..#......#
g.....###.....#####
####### #.....#
#######


You could see 2 adders.

Vanquished Creatures
  An ooze (D:1)
  2 giant cockroaches
  5 hobgoblins
  3 kobolds (D:1)
  6 bats
  5 frilled lizards
  5 goblins (D:1)
  4 rats
31 creatures vanquished.

Notes
Turn   | Place    | Note
-------+----------+-------------------------------------------
     0 | D:1      | Gorice the Demonspawn Monk began the quest for the Orb.
     0 | D:1      | Reached XP level 1. HP: 18/18 MP: 1/1
     1 | D:1      | Noticed an electric eel
   165 | D:1      | Reached skill level 3 in Long Blades
   218 | D:1      | HP: 5/18 [hobgoblin/club (5)]
   542 | D:1      | Gained mutation: You have large cloven feet. [demonic ancestry]
   542 | D:1      | Reached XP level 2. HP: 23/24 MP: 2/2
  1328 | D:1      | Reached XP level 3. HP: 22/29 MP: 3/3
  1512 | D:1      | HP: 7/29 [adder (3)]
  1513 | D:1      | HP: 3/29 [adder (3)]
  1516 | D:1      | Slain by an adder

Vault maps used:
D:1:      arrival_aquarium_a, minmay_tetromino_i4
D:2:      nemelex_altar_shiori, grunt_ministairs_10

Skill      XL: |  1 |
---------------+----+-----
Long Blades    | 3 |  3.9
Fighting       | |  3.0
Dodging        | |  2.6
Stealth        | |  1.7

Action                   || total
-------------------------++-------
Melee: Falchion          ||   109
       Kick              ||    23
Throw: Stone             ||    29
  Use: Scroll            ||     3
       Potion            ||     1
 Stab: Sleeping          ||     1
  Eat: Chunk             ||     2
Armor: Robe              ||    18
Dodge: Dodged            ||    69
Block: Buckler           ||     9
       Rpst.: Falchion   ||    18

Table legend:
 A = Turns spent in this place as a percentage of turns spent in the entire game.
 B = Non-inter-level travel turns spent in this place as a percentage of non-inter-level travel turns spent in the entire game.
 C = Inter-level travel turns spent in this place as a percentage of turns spent in this place.
 D = Turns resting spent in this place as a percentage of non-inter-level travel turns spent in this place.
 E = Turns spent auto-exploring this place as a percentage of non-inter-level travel turns spent in this place.
 F = Non-inter-level travel turns spent in this place divided by the number of levels of this place that you've seen.
                   A       B       C       D       E      F
               +-------+-------+-------+-------+-------+----------------------
         Total | 100.0 | 100.0 |   0.3 |   2.4 |   4.5 | 312.0
       Dungeon | 100.0 | 100.0 |   0.3 |   2.4 |   4.5 | 312.0
               +-------+-------+-------+-------+-------+----------------------

Vault maps used:
D:1:      arrival_aquarium_a, minmay_tetromino_i4
D:2:      nemelex_altar_shiori, grunt_ministairs_10
